 Dungeon Crawl Stone Soup version 0.29.0-4-gdea44cf6ec (webtiles) character file.

Game seed: 14127576855649911643

216 qw the Chopper (level 5, 0/28 (30) HPs)
             Began as a Tengu Warper on Aug 28, 2022.
             Slain by a wight
             ... wielding a +0 dagger
              (3 damage)
             ... on level 4 of the Dungeon.
             The game lasted 00:00:16 (4011 turns).

qw the Chopper (Tengu Warper)                       Turns: 4011, Time: 00:00:17

HP:   0/28 (30)     AC:  8    Str: 14    XL:     5   Next: 93%
MP:   9/9           EV:  7    Int: 13    God:
Gold: 215           SH:  4    Dex: 13    Spells: 8/8 levels left

rFire   . . .      SeeInvis +   Y - +0 hand axe
rCold   . . .      Faith    .   h - +0 buckler
rNeg    . . .      Spirit   .   k - +0 chain mail
rPois   .          Reflect  .   (helmet restricted)
rElec   .          Harm     .   (no cloak)
rCorr   .          Rampage  .   (no gloves)
Will    .....                   (boots unavailable)
Stlth   ..........              e - amulet of the acrobat
HPRegen 0.09/turn               a - ring of see invisible
MPRegen 0.11/turn               (no ring)

@: flying quickly and evasively, drained, quick
A: beak, talons 3, nimble flight
a: no special abilities


You were on level 4 of the Dungeon.
You visited 1 branch of the dungeon, and saw 4 of its levels.

You collected 215 gold pieces.


Innate Abilities, Weirdness & Mutations

You have a beak for a mouth.
You have claws for feet.
Your magical nature lets you fly swiftly and evasively.


   Skills:
 - Level 2.0 Fighting
 - Level 6.0 Axes
 - Level 1.0 Throwing
 + Level 1.1 Armour
 - Level 2.1 Dodging
 - Level 2.0 Shields
 - Level 2.0 Spellcasting
 - Level 2.4 Translocations


You had 8 spell levels left.
You didn't know any spells.
Your spell library contained the following spells:

 Spells                   Type           Power      Damage    Failure   Level
 Blink                    Tloc           14%        N/A       99%         2
 Gell's Gravitas          Tloc           7%         N/A       100%        3
 Lesser Beckoning         Tloc           7%         N/A       100%        3
 Teleport Other           Tloc           7%         N/A       100%        3
 Manifold Assault         Tloc           7%         N/A       100%        5

Inventory:

Hand Weapons
 j - a +0 flail
 Y - a +0 hand axe (weapon)
Armour
 h - a +0 buckler (worn)
 k - a +0 chain mail (worn)
Jewellery
 a - a ring of see invisible (left hand)
 e - an amulet of the acrobat (around neck)
Scrolls
 b - a scroll of identify
Potions
 c - a potion of brilliance {unknown}
 d - a potion of curing {unknown}

Dungeon Overview and Level Annotations

Branches:
Dungeon (4/15)
 Temple: D:4-7

Altars:
Sif Muna

Annotations:
D:3 1 runed translucent door, qw's ghost, amateur TeWr


Message History

Your life force feels restored.
Your Shields skill gained 2 levels and is now at level 2!
You start resting.
HP restored.
Things that are here:
a +2 falchion; a +0 robe
There is a stone staircase leading up here.
Qw's ghost turns its malevolent gaze towards you.
Could not explore, unopened runed door.
(D) Dungeon
Where to? (* - list waypoints, Enter - D:4, ? - help)
What level of the Dungeon? (default 1, ? - help)
There is a stone staircase leading down, spattered with blood here.
You fly downwards.
The wight hits you with a +3 morningstar.
You feel drained. The wight closely misses you.
The wight hits you but does no damage.
The giant cockroach bites you but does no damage.
There is a stone staircase leading up here.
You hit the wight but do no damage. You claw the wight, but do no damage.
You peck the wight, but do no damage. You closely miss the giant cockroach.
You hit the wight. You completely miss the wight. You block the wight's attack.
The wight barely misses you. The wight hits you with a +0 dagger.
The giant cockroach bites you but does no damage.
You hit the wight but do no damage. Your peck misses the wight.
The wight is lightly damaged.
You hit the wight but do no damage. You barely miss the wight.
You hit the giant cockroach. The wight barely misses you.
The wight hits you but does no damage. The wight hits you with a +0 mace.
You feel drained.
The giant cockroach bites you but does no damage.
You hit the wight. Your kick misses the wight. Your peck misses the wight.
The wight is moderately damaged.
You closely miss the giant cockroach. You hit the wight. x2
The giant cockroach barely misses you.
The wight hits you with a +3 morningstar!
Ouch! That really hurt!
The wight hits you with a +0 dagger.
You die...

...# # # ..##
.#. ...# ...
...###
###.##..#.#
#.........###.
#......z......
#..@z.....#
##Bz......#
#........#
....#.....
#.#....##..
#.#....# .
..#....
##.......


You could see 3 wights and a giant cockroach.

Vanquished Creatures
  A scorpion (D:3)
  A wight (D:3)
  3 adders
  2 dart slugs (D:1)
  3 orcs (D:3)
  6 endoplasms
  3 giant cockroaches
  5 goblins
  5 hobgoblins
  4 jackals (D:1)
  4 quokkas
  3 ball pythons
  5 bats
  2 frilled lizards
  11 kobolds
  4 rats
62 creatures vanquished.

Vanquished Creatures (others)
  2 withered plants (D:3)
2 creatures vanquished.

Grand Total: 64 creatures vanquished

Notes
Turn   | Place    | Note
-------+----------+-------------------------------------------
     0 | D:1      | qw the Tengu Warper began the quest for the Orb.
     0 | D:1      | Reached XP level 1. HP: 12/12 MP: 4/4
     0 | D:1      | 0 ||| qw: Version: 0.1-a-89-g26bdef1
     0 | D:1      | 0 ||| qw: Game counter: 2171
     0 | D:1      | 0 ||| qw: Always use a shield: true
     0 | D:1      | 0 ||| qw: God list: Okawaru
     0 | D:1      | 0 ||| qw: Allow faded altars: false
     0 | D:1      | 0 ||| qw: Do Orc after D:15 true
     0 | D:1      | 0 ||| qw: Do second Lair branch before Depths: true
     0 | D:1      | 0 ||| qw: Lair rune preference: random
     0 | D:1      | 0 ||| qw: Plans: Normal
     0 | D:1      | 0 ||| PLANNING D:1-11
   213 | D:1      | Reached skill level 3 in Axes
   213 | D:1      | Reached XP level 2. HP: 17/17 MP: 6/6
   432 | D:1      | 432 ||| Stepping ~*~*~tactically~*~*~ (stealth).
   433 | D:1      | 433 ||| Stepping ~*~*~tactically~*~*~ (stealth).
   437 | D:1      | 437 ||| Stepping ~*~*~tactically~*~*~ (stealth).
   449 | D:1      | 449 ||| Stepping ~*~*~tactically~*~*~ (stealth).
   451 | D:1      | 451 ||| Stepping ~*~*~tactically~*~*~ (stealth).
   453 | D:1      | 453 ||| Stepping ~*~*~tactically~*~*~ (stealth).
   456 | D:1      | 456 ||| Stepping ~*~*~tactically~*~*~ (stealth).
   532 | D:1      | 532 ||| Stepping ~*~*~tactically~*~*~ (stealth).
   543 | D:1      | 543 ||| Stepping ~*~*~tactically~*~*~ (stealth).
   566 | D:1      | 566 ||| Stepping ~*~*~tactically~*~*~ (stealth).
   567 | D:1      | 567 ||| Stepping ~*~*~tactically~*~*~ (stealth).
   796 | D:1      | Reached XP level 3. HP: 20/21 MP: 7/7
   996 | D:1      | 996 ||| DROPPING +0 club.
  1103 | D:1      | Reached skill level 4 in Axes
  1254 | D:1      | 1254 ||| UPGRADING to amulet of the acrobat.
  1259 | D:1      | 1259 ||| READING scroll labelled DEDOGR PUYGELA.
  1260 | D:1      | 1260 ||| READING scroll labelled LAXEOC RUERALY.
  1261 | D:1      | 1261 ||| DROPPING scroll of blinking.
  1305 | D:2      | 1305 ||| STAIRDANCE
  1315 | D:2      | 1315 ||| STAIRDANCE
  1679 | D:2      | Found a faded altar of an unknown god.
  1823 | D:2      | 1823 ||| Stepping ~*~*~tactically~*~*~ (stealth).
  1953 | D:2      | Reached XP level 4. HP: 13/26 MP: 8/8
  2421 | D:2      | 2421 ||| UPGRADING to +0 scale mail.
  2431 | D:2      | 2431 ||| DROPPING +0 leather armour.
  2432 | D:2      | 2432 ||| UPGRADING to ring of see invisible.
  2433 | D:2      | 2433 ||| READING scroll labelled OTZATE RISUMP.
  2618 | D:3      | Noticed a scorpion
  2634 | D:3      | Killed a scorpion
  2635 | D:3      | Reached skill level 5 in Axes
  2635 | D:3      | Gained mutation: Your magical nature lets you fly swiftly
                  | and evasively. [Tengu growth]
  2635 | D:3      | Reached XP level 5. HP: 17/30 MP: 9/9
  3104 | D:3      | 3104 ||| Stepping ~*~*~tactically~*~*~ (stealth).
  3169 | D:3      | 3169 ||| DROPPING +0 whip.
  3241 | D:3      | Found a runed translucent door.
  3242 | D:3      | Noticed qw's ghost (amateur TeWr)
  3441 | D:3      | Found a shimmering blue altar of Sif Muna.
  3510 | D:3      | Reached skill level 6 in Axes
  3717 | D:3      | 3717 ||| UPGRADING to +0 buckler.
  3722 | D:3      | 3722 ||| UPGRADING to +0 chain mail.
  3732 | D:3      | 3732 ||| DROPPING +0 scale mail.
  3733 | D:3      | 3733 ||| READING scroll labelled UHUSYG XEAMME.
  3734 | D:3      | 3734 ||| READING scroll labelled BEHIAB OXAUKI.
  3784 | D:4      | 3784 ||| STAIRDANCE
  4011 | D:4      | HP: 3/28 [wight/+3 morningstar (15)]
  4011 | D:4      | Slain by a wight

Levels and vault maps discovered:
D:1:      psy_arrival_statuary, layout_loops_ring, grunt_decor_fettered,
          chequers_hall_statues_y
D:2:      layout_loops_cross, nicolae_ecumenical_lake_church
D:3:      minmay_diamond_boxcup, layout_basic, mainiacjoe_overflow_alcove_1,
          gammafunk_ghost_grave, minmay_misc_feat_square, kennysheep_donut,
          dreamdust_princess_corridor
D:4:      layout_cave_pools

Skill      XL: |  1  2  3  4  5 |
---------------+----------------+-----
Axes           | 3 4 5 6 |  6.0
Shields        | 2 |  2.0
Fighting       | |  2.0
Throwing       | |  1.0
Armour         | |  1.1
Dodging        | |  2.1
Spellcasting   | |  2.0
Translocations | |  2.4

Action                   |  1- 3 |  4- 6 || total
-------------------------+-------+-------++-------
Melee: Hand axe          |    96 |    67 ||   163
       Peck              |    16 |    10 ||    26
       Kick              |    19 |    18 ||    37
       Punch             |       |     1 ||     1
Throw: Boomerang         |     7 |       ||     7
  Use: Scroll            |     2 |     3 ||     5
Armor: Leather armour    |    24 |       ||    24
       Scale mail        |       |    11 ||    11
       Chain mail        |       |     7 ||     7
Dodge: Dodged            |    57 |    37 ||    94
Block: Buckler           |       |     1 ||     1

Table legend:
 A = Non-vault XP
 B = Vault XP
 C = Vault XP percentage of total XP
 D = Non-vault monster count
 E = Vault monster count
 F = Vault count percentage of total count
                 A         B        C        D         E       F
            +---------+---------+-------+---------+---------+-------
      Total |     275 |      34 |  11.0 |      56 |       6 |   9.7
            +---------+---------+-------+---------+---------+-------
        D:1 |      55 |       0 |   0.0 |      30 |       0 |   0.0
        D:2 |      34 |       0 |   0.0 |      14 |       0 |   0.0
        D:3 |     186 |      34 |  15.5 |      12 |       6 |  33.3
            +---------+---------+-------+---------+---------+-------
